Map: Ephemeron LE

Players

ViBE - Winner!

  • Race: Terran Terran
  • League: Diamond
  • Spawn Location: 11:00

PrimusRex

  • Race: Zerg Zerg
  • League: Diamond
  • Spawn Location: 5:00

VOD

Have the link to the VOD?

Description

Time

  • Played on: Dec. 23, 2019, 2:52 a.m.
  • Length: 8:23
Show
View Real Time Build Order
Export as new Build Order

ViBE Terran - Winner!

Build Orders: Reaper Expand 

Get SALT Encoding   

  12  0:00  SCV  
  13  0:12  SCV  
  14  0:17  Supply Depot  
  14  0:24  SCV  
  15  0:39  SCV  
  15  0:41  Barracks  
  16  0:46  Refinery  
  16  0:51  SCV  
  17  1:03  SCV  
  18  1:15  SCV  
  19  1:28  Orbital Command  
  19  1:29  Reaper  
  20  1:44  Command Center  
  20  2:00  Supply Depot  
  20  2:02  SCV  
  21  2:10  Barracks Reactor  
  21  2:15  Barracks  
  21  2:24  SCV  
  22  2:36  SCV  
  21  2:49  Marine x2  
  23  3:03  Barracks Tech Lab  
  23  3:04  Factory  
  22  3:06  SCV  
  22  3:07  Marine x2  
  25  3:18  SCV  
  26  3:22  Orbital Command  
  26  3:26  Marine x3  
  26  3:27  Stimpack  
  29  3:30  SCV, Refinery  
  30  3:38  Supply Depot  
  30  3:42  SCV  
  30  3:46  Marine x2  
  30  3:47  Marine  
  34  3:53  Starport  
  34  3:54  SCV  
  34  3:55  SCV  
  36  4:00  Factory Reactor  
  36  4:05  Marine x3  
  36  4:06  SCV  
  36  4:07  SCV  
  41  4:18  SCV  
  41  4:19  SCV  
  43  4:28  Marine x3  
  43  4:30  SCV  
  47  4:31  SCV, Supply Depot  
  48  4:41  Medivac  
  48  4:42  SCV, Medivac  
  53  4:46  SCV  
  54  4:54  SCV  
  54  4:56  Engineering Bay  
  54  4:59  SCV  
  56  5:01  Engineering Bay  
  56  5:04  Marine x3  
  56  5:07  SCV  
  60  5:11  SCV  
  61  5:19  SCV  
  62  5:28  Terran Infantry Weapons Level 1, Terran Infantry Armor Level 1  
  62  5:32  Command Center  
  62  5:35  Refinery  
  62  5:36  Refinery  
  62  5:38  Supply Depot  
  62  5:39  Supply Depot x2  
  62  5:40  Supply Depot  
  62  5:46  Combat Shield  
  62  6:00  Marine x3  
  65  6:04  Medivac  
  65  6:06  Medivac  
  69  6:18  Marine x3  
  72  6:22  SCV x2  
  71  6:34  SCV x2  
  71  6:35  Marine x3  
  74  6:46  SCV x2  
  74  6:53  Marine x3  
  76  6:57  Barracks  
  76  6:58  SCV x2, Barracks x2  
  75  7:10  SCV x2  
  75  7:11  Marine x3  
  75  7:15  Armory, Orbital Command  
  80  7:22  Factory Tech Lab  
  80  7:23  Medivac x2  
  80  7:29  Marine x3  
  87  7:36  SCV  
  89  7:37  SCV  
  89  7:47  Marine x3  
  92  7:55  Barracks Reactor x3  
  92  7:59  Supply Depot  
  92  8:00  SCV x3  
  95  8:01  Supply Depot x3  
  95  8:04  Marine x2  
Show
View Real Time Build Order
Export as new Build Order

PrimusRex Zerg 

Build Orders: Pool First 

Get SALT Encoding   

  12  0:01  Drone  
  13  0:09  Drone  
  14  0:14  Extractor  
  14  0:19  Drone  
  14  0:33  Spawning Pool  
  13  0:36  Drone  
  14  0:43  Extractor, Drone  
  15  0:51  Overlord  
  15  1:10  Drone  
  16  1:21  Queen  
  16  1:22  Zergling x4  
  16  1:23  Zergling x2  
  21  1:29  Metabolic Boost  
  21  1:35  Drone  
  22  1:56  Hatchery  
  21  2:02  Drone  
  21  2:06  Overlord  
  22  2:21  Overlord  
  21  2:40  Drone x4  
  21  2:41  Drone  
  24  3:00  Drone  
  24  3:01  Drone  
  24  3:02  Queen  
  28  3:15  Drone x2  
  29  3:21  Queen  
  29  3:23  Drone x2  
  33  3:35  Drone  
  33  3:37  Drone  
  33  3:38  Hatchery  
  33  3:40  Drone  
  35  3:45  Drone x2  
  35  3:47  Drone  
  38  3:49  Drone  
  38  3:51  Drone  
  40  3:56  Drone  
  41  4:07  Drone x2  
  43  4:11  Drone  
  43  4:15  Drone  
  43  4:16  Overlord x2  
  44  4:27  Lair  
  44  4:30  Extractor  
  43  4:32  Spore Crawler, Extractor x2  
  43  4:37  Spore Crawler  
  43  4:38  Drone x3  
  40  4:39  Drone x2  
  40  4:40  Drone  
  45  4:48  Queen  
  45  4:51  Drone  
  45  4:52  Drone  
  49  4:53  Drone  
  49  4:54  Drone  
  51  5:07  Drone x2  
  52  5:08  Zergling x6, Drone, Spore Crawler  
  52  5:09  Drone  
  57  5:16  Evolution Chamber  
  57  5:17  Drone  
  57  5:19  Roach Warren  
  56  5:21  Drone  
  56  5:26  Drone  
  58  5:36  Overlord x3  
  58  5:49  Spore Crawler  
  55  5:59  Zergling x2  
  55  6:00  Roach  
  55  6:02  Roach x8  
  74  6:11  Overlord x3  
  74  6:22  Overlord x2  
  71  6:30  Roach  
  71  6:31  Roach x3  
  71  6:34  Queen  
  71  6:35  Queen  
  71  6:38  Roach x2  
  69  6:40  Roach  
  69  6:47  Drone  
  65  6:53  Roach x2  
  67  6:56  Zergling x4  
  67  6:59  Zergling x2  
  66  7:11  Drone  
  66  7:12  Drone x2  
  69  7:32  Hatchery  
  68  7:40  Baneling Nest  
  64  7:48  Drone  
  64  7:49  Drone x3  
Tags
 
Add a new tag
Caveats
  • Supply blocks, unpowered buildings, or Contaminate may cause inaccurate times.
  • Supply counts are checked every 10 seconds.